 Dungeon Crawl Stone Soup version 0.28.0-43-g3370ac3207 (webtiles) character file.

Game seed: 15834207196319791057

77 jimonade the Nimble (level 4, 0/38 HPs)
             Began as a Gnoll Wanderer on Mar 13, 2022.
             Was an Initiate of Gozag.
             Killed by nerve-wracking pain
             ... invoked by an orc priest
              (11 damage)
             ... on level 3 of the Dungeon.
             The game lasted 00:06:18 (1922 turns).

jimonade the Nimble (Gnoll Wanderer)                Turns: 1922, Time: 00:06:19

Health: 0/38       AC:  7    Str: 11    XL:     4   Next: 34%
Magic:  5/5        EV: 13    Int: 11    God:    Gozag
Gold:   335        SH:  0    Dex: 14    Spells: 5/5 levels left

rFire   . . .      SeeInvis .   k - +4 whip
rCold   . . .      Faith    .   (no shield)
rNeg    . . .      Spirit   .   m - +0 ring mail
rPois   .          Reflect  .   d - +0 helmet
rElec   .          Harm     .   (no cloak)
rCorr   .          Rampage  .   (no gloves)
Will    .....                   h - +0 pair of boots
Stlth   +.........              (no amulet)
HPRegen 0.12/turn               (no ring)
MPRegen 0.09/turn               (no ring)

@: no status effects
A: fangs 1, strong nose, distributed training
a: Renounce Religion, Potion Petition, Call Merchant, Bribe Branch


You were on level 3 of the Dungeon.
You worshipped Gozag.
Gozag was aware of your devotion.
You visited 1 branch of the dungeon, and saw 3 of its levels.

You collected 350 gold pieces.
You paid 15 gold pieces to Gozag.

Inventory:

Hand Weapons
 a - a +2 hunting sling
 g - a +0 hand axe
 k - a +4 whip (weapon)
 l - a +1 short sword of venom
 y - a +1 long sword of holy wrath
Missiles
 b - 13 sling bullets
 f - 102 stones (quivered)
Armour
 d - a +0 helmet (worn)
 e - a +0 robe
 h - a +0 pair of boots (worn)
 m - a +0 ring mail (worn)
 p - a +0 ring mail
Jewellery
 w - an amulet of magic regeneration
Scrolls
 c - 3 scrolls of teleportation
 i - a scroll of fog {unknown}
 n - a scroll of enchant armour {unknown}
 o - a scroll of enchant weapon {unknown}
 q - a scroll of identify {unknown}
 r - 3 scrolls of magic mapping {unknown}
 v - a scroll of acquirement {unknown}
Potions
 j - a potion of heal wounds {unknown}
 s - 2 potions of lignification {unknown}
 t - a potion of haste {unknown}
 u - a potion of might {unknown}
 x - a potion of mutation {unknown}
 z - a potion of curing {unknown}


   Skills:
 + Level 4.6 Fighting
 + Level 1.1 Short Blades
 + Level 1.1 Long Blades
 + Level 1.1 Axes
 + Level 1.1 Maces & Flails
 + Level 1.1 Polearms
 + Level 1.1 Staves
 + Level 6.6 Slings
 + Level 1.1 Bows
 + Level 1.1 Crossbows
 + Level 1.1 Throwing
 + Level 2.7 Armour
 + Level 8.5 Dodging
 + Level 1.1 Stealth
 + Level 1.1 Shields
 + Level 1.1 Unarmed Combat
 + Level 1.1 Spellcasting
 + Level 0.8 Conjurations
 + Level 0.8 Hexes
 + Level 0.8 Summonings
 + Level 0.8 Necromancy
 + Level 0.8 Translocations
 + Level 0.8 Transmutations
 + Level 0.8 Fire Magic
 + Level 0.8 Ice Magic
 + Level 0.8 Air Magic
 + Level 0.8 Earth Magic
 + Level 0.8 Poison Magic
 + Level 1.2 Invocations
 + Level 1.1 Evocations


You had 5 spell levels left.
You didn't know any spells.
Your spell library was empty.

Dungeon Overview and Level Annotations

Branches:
Dungeon (3/15)

Altars:
Gozag

Shops:
D:2 !


Innate Abilities, Weirdness & Mutations

You have very sharp teeth.
Your uncanny sense of smell can sniff out nearby items.
Your experience applies equally to all skills.


Message History

You barely resist.
The orc is distracted by your dazzling golden aura.
The orc shouts!
You hit the orc priest. Your bite misses the orc priest.
The orc priest is heavily wounded.
The orc priest closely misses you. The orc hits you but does no damage.
You hit the orc priest.
The orc priest is severely wounded.
The orc priest barely misses you. The orc hits you with a +0 dagger.
You barely miss the orc priest.
You bite the orc priest, but do no damage.
The orc priest is severely wounded.
The orc priest begins to cast a cantrip, but forgets the words!
The orc hits you with a +0 dagger.
You completely miss the orc priest.
The orc priest is severely wounded.
The orc priest invokes the aid of Beogh against you.
Beogh smites you! The orc hits you but does no damage.
The orc priest hits you with a +0 flail.
You are too injured to fight recklessly!
You are too injured to fight recklessly!
You are too injured to fight recklessly!
Unknown command.
Unknown command.
You hit the orc but do no damage. You bite the orc, but do no damage.
The orc is no longer distracted by gold.
The orc hits you but does no damage.
The orc priest looks encouraged for a moment.
You hit the orc priest but do no damage.
You bite the orc priest, but do no damage.
The orc priest is severely wounded.
The orc barely misses you. The orc priest barely misses you.
You hit the orc priest. You bite the orc priest.
The orc priest is almost dead.
The orc hits you with a +0 dagger.
* * * LOW HITPOINT WARNING * * *
The orc priest invokes the aid of Beogh against you.
Pain shoots through your body!
You die...
Your body crumbles into a pile of gold.

....# #.###.###### ##
##### #.##.......# # #
#. #.##.......# .#. #.#.
#.##.......##.. #.#.
#######)##..........
#... .........#........#
# #.#.
..................# #.##
#.#.
.........#......o.#.....
#...
#..............@o.....#
.####
#...........####o.....#
..... ............#
#..(...# #####
............# .........
∆ # ...##########
....≈≈.... # ......⌠≈...
# #.....≈≈....
#...........
#....#.#.?..


You could see an orc priest and 2 orcs.

Vanquished Creatures
  A worm (D:2)
  2 orcs (D:3)
  13 ball pythons
  4 endoplasms
  2 giant cockroaches
  3 goblins
  4 hobgoblins
  5 kobolds
  4 quokkas
  8 bats
  5 frilled lizards
  21 rats
72 creatures vanquished.

Vanquished Creatures (others)
  3 rats (D:2)
3 creatures vanquished.

Grand Total: 75 creatures vanquished

Notes
Turn   | Place    | Note
-------+----------+-------------------------------------------
     0 | D:1      | jimonade the Gnoll Wanderer began the quest for the Orb.
     0 | D:1      | jimonade set off with the following items: a +2 hunting
                  | sling, 18 sling bullets, a scroll of teleportation, a +0
                  | helmet, a +0 robe
     0 | D:1      | Reached XP level 1. HP: 20/20 MP: 1/1
   113 | D:1      | Reached XP level 2. HP: 24/26 MP: 2/2
   614 | D:1      | Found a faded altar of an unknown god.
   616 | D:1      | Reached XP level 3. HP: 31/31 MP: 3/3
  1050 | D:2      | Found an opulent altar of Gozag.
  1076 | D:2      | Became a worshipper of Gozag Ym Sagoz the Greedy
  1112 | D:2      | Found Zylato's Distillery.
  1133 | D:2      | Reached skill level 1 in Invocations
  1168 | D:2      | Reached skill level 1 in Short Blades
  1168 | D:2      | Reached skill level 1 in Long Blades
  1168 | D:2      | Reached skill level 1 in Axes
  1168 | D:2      | Reached skill level 1 in Maces & Flails
  1168 | D:2      | Reached skill level 1 in Polearms
  1168 | D:2      | Reached skill level 1 in Staves
  1168 | D:2      | Reached skill level 1 in Bows
  1168 | D:2      | Reached skill level 1 in Crossbows
  1168 | D:2      | Reached skill level 1 in Throwing
  1168 | D:2      | Reached skill level 1 in Stealth
  1168 | D:2      | Reached skill level 1 in Shields
  1168 | D:2      | Reached skill level 1 in Unarmed Combat
  1168 | D:2      | Reached skill level 1 in Spellcasting
  1168 | D:2      | Reached skill level 1 in Evocations
  1382 | D:2      | Reached XP level 4. HP: 38/38 MP: 5/5
  1922 | D:3      | Killed from afar by an orc priest

Illustrated notes

Levels and vault maps discovered:
D:1:      shiori_arrival_oz, layout_basic, dreamdust_ecumenical_altar_statues,
          chequers_serial_rivers_room_a, minmay_misc_feat_pillars,
          minmay_tromino_v4_b
D:2:      layout_rooms, basic_altar, serial_shops,
          nicolae_shop_temple_entry_statues_fountains, minmay_rat_hole
D:3:      layout_basic, corexii_leaking_fountain, minmay_liquid_box

Skill      XL: |  1  2  3 |
---------------+----------+-----
Invocations    | 1 |  1.2
Short Blades   | 1 |  1.1
Long Blades    | 1 |  1.1
Axes           | 1 |  1.1
Maces & Flails | 1 |  1.1
Polearms       | 1 |  1.1
Staves         | 1 |  1.1
Bows           | 1 |  1.1
Crossbows      | 1 |  1.1
Throwing       | 1 |  1.1
Stealth        | 1 |  1.1
Shields        | 1 |  1.1
Unarmed Combat | 1 |  1.1
Spellcasting   | 1 |  1.1
Evocations     | 1 |  1.1
Fighting       | |  4.6
Slings         | |  6.6
Armour         | |  2.7
Dodging        | |  8.5
Conjurations   | |  0.8
Hexes          | |  0.8
Summonings     | |  0.8
Necromancy     | |  0.8
Translocations | |  0.8
Transmutations | |  0.8
Fire Magic     | |  0.8
Ice Magic      | |  0.8
Air Magic      | |  0.8
Earth Magic    | |  0.8
Poison Magic   | |  0.8

Action                   |  1- 3 |  4- 6 || total
-------------------------+-------+-------++-------
Melee: Whip              |    62 |    39 ||   101
       Bite              |     4 |     7 ||    11
       Punch             |     1 |       ||     1
 Fire: Hunting sling     |    56 |       ||    56
Armor: Robe              |     3 |       ||     3
       Ring mail         |    33 |    14 ||    47
Dodge: Dodged            |    63 |    23 ||    86
